 Dungeon Crawl Stone Soup version 0.26.1-11-gd32895ea62 (webtiles) character file.

Game seed: 990863664252919479

37 AarnesTheHuman the Chiller (level 3, -2/26 HPs)
             Began as a Demonspawn Ice Elementalist on July 2, 2021.
             Slain by a worm (5 damage)
             ... on level 2 of the Dungeon on Sept 11, 2021.
             The game lasted 00:08:44 (1569 turns).

AarnesTheHuman the Chiller (DsIE)                   Turns: 1569, Time: 00:08:44

Health: -2/26      AC:  2    Str:  9    XL:     3   Next: 23%
Magic:  6/6        EV: 12    Int: 16    God:
Gold:   50         SH:  0    Dex: 13    Spells: 5/6 levels left

rFire    . . .     SeeInvis .   c - +0 dagger
rCold    . . .     Faith    .   (no shield)
rNeg     . . .     Spirit   .   a - +0 robe
rPois    .         Reflect  .   (helmet restricted)
rElec    .         Harm     .   (no cloak)
rCorr    .         Rampage  .   (no gloves)
Will     .....                  (no boots)
Stlth    ++........             (no amulet)
HPRegen  0.08/turn              (no ring)
MPRegen  0.10/turn              (no ring)

@: no status effects
A: antennae 1
a: no special abilities


You were on level 2 of the Dungeon.
You visited 1 branch of the dungeon, and saw 2 of its levels.

You collected 50 gold pieces.

Inventory:

Hand Weapons
 c - a +0 dagger (weapon)
Missiles
 l - 22 stones (quivered)
Armour
 a - a +0 robe (worn)
 d - a +0 buckler
Scrolls
 b - 2 scrolls of random uselessness {unknown}
 f - a scroll of blinking {unknown}
 i - a scroll of remove curse {unknown}
Potions
 e - 2 potions of haste {unknown}
 g - 2 potions of brilliance {unknown}
 h - a potion of attraction {unknown}
 j - a potion of flight {unknown}
 k - a potion of curing {unknown}


   Skills:
 + Level 1.4 Fighting
 - Level 1.7 Dodging
 - Level 1.7 Stealth
 * Level 0.9 Shields
 + Level 2.4 Spellcasting
 + Level 3.9 Ice Magic


You had 5 spell levels left.
You knew the following spells:

 Your Spells              Type           Power        Failure   Level
a - Freeze                Ice            56%          4%          1

Your spell library contained the following spells:

 Spells                   Type           Power        Failure   Level
 Frozen Ramparts          Ice            28%          12%         3
 Ozocubu's Armour         Ice            14%          12%         3
 Hailstorm                Conj/Ice       8%           65%         4
 Summon Ice Beast         Ice/Summ       8%           65%         4


Dungeon Overview and Level Annotations

Branches:
Dungeon (2/15)

Altars:


Innate Abilities, Weirdness & Mutations

You have a pair of small antennae on your head.


Message History

* * * LOW HITPOINT WARNING * * *
You hit the worm.
The worm is lightly wounded.
You barely miss the worm.
The worm is lightly wounded.
The worm misses you.
You hit the worm.
The worm is moderately wounded.
The worm misses you.
You hit the worm but do no damage.
The worm is lightly wounded.
You barely miss the worm.
The worm is lightly wounded.
The worm barely misses you.
You barely miss the worm.
The worm is lightly wounded.
You hit the worm.
The worm is lightly wounded.
The worm bites you.
You die...

#....# ....# #....#
##....# .)...# #.....#
<##.# #####.....#
).#.###.........#
........###.....# #######
..#.............# ......#
....#######.#######......#
................@wb†.....#
..............####.......#
....####.......# #.......#
...........###...#.......#
....#####...# ##.$##...###
....# #.#..# #..#.....
.....# #...... #...>....
.#..... ........ ##......
.###............


You could see a worm and a bat.

Vanquished Creatures
  A worm (D:2)
  2 dart slugs
  A leopard gecko (D:1)
  A ball python (D:1)
  A bat (D:1)
  3 giant cockroaches (D:1)
  3 goblins
  4 hobgoblins (D:1)
  4 frilled lizards (D:1)
  A kobold (D:1)
  9 rats
30 creatures vanquished.

Notes
Turn   | Place    | Note
-------+----------+-------------------------------------------
     0 | D:1      | AarnesTheHuman the Demonspawn Ice Elementalist began the
                  | quest for the Orb.
     0 | D:1      | Reached XP level 1. HP: 13/13 MP: 3/3
   212 | D:1      | Gained mutation: You have a pair of small antennae on your
                  | head. [demonic ancestry]
   212 | D:1      | Reached XP level 2. HP: 20/20 MP: 3/5
   383 | D:1      | Reached skill level 1 in Fighting
   998 | D:2      | Reached XP level 3. HP: 26/26 MP: 4/6
  1569 | D:2      | Slain by a worm

Illustrated notes

Levels and vault maps discovered:
D:1:      wander_arrival_lonely_grave, layout_rooms
D:2:      layout_rooms, marbit_many_paths, nzn_hepliaklqana_mist_gate,
          wander_ebering_terrifying_dragon_lair

Skill      XL: |  1  2 |
---------------+-------+-----
Fighting       | 1 |  1.4
Dodging        | |  1.7
Stealth        | |  1.7
Shields        | |  0.9
Spellcasting   | |  2.4
Ice Magic      | |  3.9

Action                   || total
-------------------------++-------
Melee: Unarmed           ||     6
       Dagger            ||    59
Throw: Stone             ||    11
 Cast: Freeze            ||    36
 Stab: Sleeping          ||     1
Armor: Robe              ||    17
Dodge: Dodged            ||    67
